AoeStats
← WachTraeumer

Arabia

509107487Analyzed
2v2 RM · 7d ago on Sep 25, 2026· 39m 20s· 4 players
Game mode
Random Map
Map size
Medium (4 player)
Population
200
Speed
Normal
Resources
Standard
Victory
Conquest
Starting age
Dark Age
Ending age
Imperial Age
RankedLock teamsTeams togetherTeam positionsShared explorationLock speedFull tech treeHidden civsTurbo modeCheats
Victory
Defeat
🇺🇸 Mongols · United States
1036
+17
🇩🇪 Magyars · Germany
1035
+17
🇦🇹 Danes · Austria
1055
-17
🇦🇹 Varangians · Austria
1054
-17
Haze42020
8:38 Feudal Age
10:00 Loom
12:33 Fletching
14:24 Double-Bit Axe
21:42 Castle Age
20:33 Horse Collar
21:45 Light Cavalry
23:02 Scale Barding Armor
23:18 Bow Saw
23:17 Crossbowman
25:50 Wheelbarrow
26:11 Heavy Plow
27:15 Bodkin Arrow
28:57 Husbandry
29:36 Ballistics
29:34 Bloodlines
31:25 Hand Cart
32:22 Chain Barding Armor
35:57 Imperial Age
33:57 Forging
33:46 Gold Mining
33:50 Stone Mining
35:17 Thumb Ring
36:03 Stone Shaft Mining
37:05 Capped Ram
37:55 Elite Steppe Lancer
39:12 Iron Casting
38:38 Bracer
39:19 Drill
WachTraeumer
4:25 Loom
7:08 Loom
9:17 Feudal Age
10:14 Double-Bit Axe
10:46 Horse Collar
18:31 Scale Barding Armor
21:39 Castle Age
19:48 Gold Mining
20:35 Bloodlines
22:35 Wheelbarrow
22:30 Bow Saw
22:24 Stone Mining
24:27 Chain Barding Armor
25:52 Husbandry
29:16 Fletching
29:43 Corvinian Army
30:07 Bodkin Arrow
30:46 Hand Cart
37:41 Imperial Age
35:14 Padded Archer Armor
35:53 Town Watch
37:08 Gold Shaft Mining
36:36 Heavy Plow
36:47 Thumb Ring
37:01 Leather Archer Armor
40:18 Chemistry
39:39 Ballistics
nicepeanut3
7:30 Loom
9:40 Feudal Age
11:58 Double-Bit Axe
13:45 Fletching
20:50 Castle Age
20:45 Padded Archer Armor
21:51 Bow Saw
21:33 Gold Mining
22:42 Bodkin Arrow
25:27 Town Watch
26:48 Husbandry
27:39 Squires
33:13 Wheelbarrow
37:43 Ballistics
SchörgioRamos
7:57 Loom
12:39 Feudal Age
18:15 Double-Bit Axe
23:17 Castle Age
24:35 Forging
24:37 Bloodlines
24:36 Pikeman
Connection lost

Rejoining the realm…

Still unreachable

The connection could not be restored.

Session expired

The server has moved on; the page needs a fresh start.